 Dungeon Crawl Stone Soup version 0.26-a0-466-g989023bd0d (webtiles) character file.

Game seed: 5985462783113951897

1348 bmfx the Cleaver (level 8, 0/74 HPs)
             Began as a Hill Orc Delver on Aug 6, 2020.
             Slain by an unseen horror (2 damage)
             ... on level 6 of the Dungeon.
             The game lasted 00:14:18 (4865 turns).

bmfx the Cleaver (Hill Orc Delver)                  Turns: 4865, Time: 00:14:19

Health: 0/74       AC: 11    Str: 17    XL:     8   Next: 62%
Magic:  8/8        EV: 10    Int: 10    God:
Gold:   160        SH:  0    Dex: 12    Spells: 7/7 levels left

rFire    . . .     SeeInvis .   k - +0 war axe
rCold    . . .     Faith    .   (no shield)
rNeg     . . .     Spirit   .   b - +4 scale mail
rPois    .         Reflect  .   (no helmet)
rElec    .         Harm     .   (no cloak)
rCorr    .                      (no gloves)
MR       .....                  p - +0 pair of boots
Stlth    +.........             (no amulet)
HPRegen  0.22/turn              (no ring)
MPRegen  0.11/turn              (no ring)

@: no status effects
A: no striking features
a: no special abilities


You were on level 6 of the Dungeon.
You visited 1 branch of the dungeon, and saw 6 of its levels.

You collected 160 gold pieces.

Dungeon Overview and Level Annotations

Branches:
Dungeon (6/15)
 Temple: D:4-7

Altars:
Ashenzari
Hepliaklqana
Trog
Zin

Shops:
D:4 (

Annotations:
D:5 exclusions: scorpion and water moccasin


   Skills:
 + Level 7.8 Fighting
 + Level 9.1 Axes
 + Level 0.1 Armour
 - Level 1.5 Dodging
 - Level 4.1 Stealth
 - Level 5.0 Evocations


You had 7 spell levels left.
You didn't know any spells.
Your spell library was empty.

Action                   |  1- 3 |  4- 6 |  7- 9 || total
-------------------------+-------+-------+-------++-------
Melee: Hand axe          |     7 |       |       ||     7
       War axe           |    32 |   234 |   200 ||   466
  Use: Scroll            |     1 |     8 |     3 ||    12
       Potion            |     1 |     2 |     4 ||     7
 Stab: Sleeping          |       |     3 |       ||     3
       Invisible         |       |       |     1 ||     1
Armor: Leather armour    |     3 |       |       ||     3
       Chain mail        |     8 |    38 |       ||    46
       Scale mail        |       |    81 |   134 ||   215
       Skin              |       |       |     6 ||     6
Dodge: Dodged            |    13 |   117 |    82 ||   212

Skill      XL: |  1  2  3  4  5  6  7  8 |
---------------+-------------------------+-----
Axes           | 3 4 5 6 7 9 |  9.1
Fighting       | 4 5 6 7 |  7.8
Evocations     | 3 4 5 |  5.0
Armour         | |  0.1
Dodging        | |  1.5
Stealth        | |  4.1

Inventory:

Hand Weapons
 k - a +0 war axe (weapon)
 l - the +7 dagger of Wigeekif {vorpal, rC+}
   (You found it on level 5 of the Dungeon)

   It inflicts extra damage upon your enemies.
   It protects you from cold.
Armour
 b - a +4 scale mail (worn)
 p - a +0 pair of boots (worn)
Jewellery
 q - an uncursed ring of fire
Wands
 g - a wand of digging (3)
 i - a wand of polymorph (13)
Scrolls
 a - a scroll of enchant armour
 c - a scroll of fog
 d - a scroll of identify {@r3}
 n - a scroll of remove curse {@r4}
Potions
 f - a potion of stabbing
 j - a potion of mutation
 m - 6 potions of curing {@q2}
 r - a potion of invisibility
 s - a potion of brilliance

♣♣♣ ..♣
♣..♣ ...
♣.. ♣♣♣♣..
♣.....♣♣♣♣
♣....♣♣♣
♣♣♣♣.@.♣♣♣
♣♣....♣♣♣♣
♣♣♣.....♣♣♣
♣♣♣♣....♣
♣♣♣..♣♣
♣♣..♣
♣♣♣♣..♣♣
♣....♣♣ ♣
♣♣♣...♣
♣♣♣♣♣♣


There were no monsters in sight!

Vanquished Creatures
  Sigmund (D:3)
  3 yaks
  A black bear (D:6)
  A scorpion (D:4)
  5 orc priests
  8 orc wizards
  A hound skeleton (D:5)
  3 gnolls
  4 adders
  A shadow imp (D:4)
  2 white imps
  3 dart slugs
  6 worms
  6 leopard geckos
  25 orcs
  4 giant cockroaches
  5 hobgoblins
  15 jackals
  7 kobolds
  3 quokkas
  9 bats
  3 frilled lizards
  2 goblins
  A leopard gecko skeleton (D:4)
  4 rats
123 creatures vanquished.

Levels and vault maps discovered:
D:1:      evilmike_arrival_hilbert_curve, layout_basic,
          hangedman_decor_opposing, serial_bayou_lake_a
D:2:      layout_loops_ring, gammafunk_temple_overflow_statue, bh_walls_and_bars
D:3:      layout_loops_ring, uniq_sigmund
D:4:      layout_gridville, serial_shops, shop, minmay_circle_x
D:5:      layout_basic, tgw_xom, kennysheep_generic_room_8
D:6:      kb_forest_paths, layout_gridville, gammafunk_temple_overflow_elements,
          minmay_temple_entry_statues_fountains


Message History

* * * LOW HITPOINT WARNING * * *
You miss something. Something hits you!
* * * LOW HITPOINT WARNING * * *
You feel much better. Something hits you.
You swing at nothing.
Something hits you but does no damage. x2
You hit something. Something hits you but does no damage.
You slash something! Something hits you.
You swing at nothing.
Something hits you but does no damage.
You slash something! Something hits you.
* * * LOW HITPOINT WARNING * * *
You hit something. Something hits you!
* * * LOW HITPOINT WARNING * * *
Something hits you!
* * * LOW HITPOINT WARNING * * *
Something hits you.
* * * LOW HITPOINT WARNING * * *
You hit something but do no damage. Something hits you.
* * * LOW HITPOINT WARNING * * *
Something hits you.
You die...

Notes
Turn   | Place    | Note
-------+----------+-------------------------------------------
     0 | D:5      | bmfx the Hill Orc Delver began the quest for the Orb.
     0 | D:5      | Reached XP level 1. HP: 19/19 MP: 1/1
    28 | D:5      | Noticed a water moccasin
    71 | D:5      | Reached skill level 3 in Axes
    71 | D:5      | Reached XP level 2. HP: 17/27 MP: 2/2
   220 | D:5      | Noticed a scorpion
   284 | D:5      | Got an encrusted dagger
   486 | D:4      | Reached skill level 4 in Axes
   486 | D:4      | Reached XP level 3. HP: 27/34 MP: 3/3
   678 | D:4      | Reached XP level 4. HP: 41/41 MP: 4/4
   813 | D:4      | Reached skill level 5 in Axes
  1037 | D:3      | Reached XP level 5. HP: 47/47 MP: 5/5
  1050 | D:3      | Reached skill level 5 in Fighting
  1050 | D:3      | Reached skill level 6 in Axes
  1431 | D:2      | Found a bloodstained altar of Trog.
  1432 | D:2      | Found a glowing silver altar of Zin.
  1831 | D:2      | Identified the +7 dagger of Wigeekif {vorpal, rC+} (You
                  | found it on level 5 of the Dungeon)
  2224 | D:2      | Reached XP level 6. HP: 56/56 MP: 6/6
  2378 | D:3      | Reached skill level 1 in Evocations
  2808 | D:3      | Noticed Sigmund
  2818 | D:3      | Killed Sigmund
  2818 | D:3      | Reached skill level 7 in Axes
  2818 | D:3      | Reached XP level 7. HP: 47/62 MP: 7/7
  3680 | D:4      | Found Ygits's Weapon Boutique.
  3802 | D:6      | Found a shattered altar of Ashenzari.
  3802 | D:6      | Found a hazy altar of Hepliaklqana.
  3883 | D:6      | Noticed a yak
  3894 | D:6      | Noticed a yak
  3895 | D:6      | Noticed a yak
  3898 | D:6      | Noticed a yak
  3901 | D:6      | Noticed a yak
  4021 | D:4      | Killed a yak
  4021 | D:4      | Reached XP level 8. HP: 48/71 MP: 8/8
  4134 | D:5      | Reached skill level 8 in Axes
  4152 | D:5      | Reached skill level 5 in Evocations
  4322 | D:5      | Killed a yak
  4332 | D:5      | Killed a yak
  4332 | D:5      | Reached skill level 9 in Axes
  4864 | D:6      | HP: 2/74 [something (3)]
  4865 | D:6      | Slain by an unseen horror
